 Dungeon Crawl Stone Soup version bcrawl-1.31.4 (webtiles) character file.

Game seed: 1579529461303782155

439698 Morbidden the Sneak (level 10, -9/60 HPs)
             Began as a Twilight Stalker Archaeologist on June 10, 2021.
             Was a Priest of Okawaru.
             Killed from afar by a deep elf knight (28 damage)
             ... with a shard of ice
             ... in a bailey.
             The game lasted 00:10:39 (5702 turns).

Morbidden the Sneak (VSAc)                          Turns: 5702, Time: 00:10:39

Health: -9/60      AC: 15    Str: 17    XL:     10   Next: 66%
Magic:  19/19      EV:  9    Int: 14    God:    Okawaru [***...]
Gold:   315        SH:  0    Dex: 13    Spells: 19/19 levels left

rFire    + . .     SeeInvis .   a - +3 dagger (elec)
rCold    . . .     Gourm    .   (no shield)
rNeg     . . .     Faith    .   y - +0 chain mail
rPois    .         Spirit   .   r - +0 helmet
rElec    .         Reflect  .   I - +2 cloak {+Inv}
rCorr    .         Harm     .   (no gloves)
MR       .....                  n - +1 pair of boots
Stlth    +++.......             t - amulet of regeneration
HPRegen  1.17/turn              J - ring of protection from cold
MPRegen  0.16/turn              h - ring "Jumpigeh" {Fire MR- Slay+6}

@: no status effects
A: fangs 3, nightstalker 1, regeneration 1, no potion heal 3, rot immunity,
draining bite, strong jaws, assimilated armour
a: Heroism, Renounce Religion, Evoke Invisibility


You were in a bailey.
You worshipped Okawaru.
Okawaru was most pleased with you.
You were not hungry.

You visited 2 branches of the dungeon, and saw 8 of its levels.
You also visited: Bailey.

You collected 465 gold pieces.
You spent 150 gold pieces at shops.

Inventory:

Hand Weapons
 a - a +3 dagger of electrocution (weapon)
 b - a +0 shortbow of flaming
 F - a +0 blowgun
Missiles
 f - 6 curare-tipped needles
 w - 1279 stones
 G - 890 arrows
 H - 128 poisoned tomahawks (quivered)
 K - 83 poisoned needles
Armour
 n - a +1 pair of boots (worn)
 r - a +0 helmet (worn)
 y - a +0 chain mail (worn)
 I - a +2 cloak of invisibility (worn)
Jewellery
 c - an uncursed ring of see invisible
 d - an uncursed ring of wizardry
 h - the ring "Jumpigeh" (right hand) {Fire MR- Slay+6}
   (You acquired it on level 2 of the Dungeon)

   [ring of fire]

   It enhances your fire magic.
   It affects your accuracy and damage with ranged weapons and melee attacks
   (+6).
   It protects you from fire.
   It makes you vulnerable to cold.
   It affects your resistance to hostile enchantments.
 s - an uncursed amulet of rage {unknown}
 t - an amulet of regeneration (around neck)
 E - an uncursed ring of fire
 J - a ring of protection from cold (left hand)
Scrolls
 g - a scroll of magic mapping
 j - a scroll of remove curse
 l - 7 scrolls of teleportation {unknown}
 o - 2 scrolls of amnesia {unknown}
 p - a scroll of enchant armour {unknown}
 x - a scroll of fear {unknown}
 z - a scroll of blinking {unknown}
Potions
 k - a potion of agility {unknown}
 m - a potion of mutation {unknown}
 q - a potion of ambrosia {unknown}
 u - 3 potions of heal wounds {unknown}
 v - a potion of degeneration {unknown}
 A - a potion of flight {unknown}
 B - a potion of brilliance {unknown}
 C - a potion of lignification {unknown}
 D - a potion of curing {unknown}
 L - 3 potions of might {unknown}
Comestibles
 e - 7 rations {!d}
 i - a chunk of flesh


   Skills:
 * Level 5.7 Fighting
 * Level 6.3 Short Blades
   Level 0.8 Maces & Flails
   Level 1.3 Polearms
 + Level 5.3 Bows
 * Level 4.2 Throwing
 + Level 2.2 Armour
 + Level 5.6 Dodging
 * Level 7.8 Stealth
 * Level 5.4 Spellcasting
 * Level 2.8 Invocations


You had 19 spell levels left.
You didn't know any spells.
Your spell library was empty.

Dungeon Overview and Level Annotations

Branches:
Dungeon (7/12)             Temple (1/1) D:7
   Lair: D:7-9

Altars:
Ashenzari
Dithmenos
Kikubaaqudgha
Makhleb
Okawaru
Uskayaw
Xom
The Shining One

Shops:
D:4 }   D:5 *   D:6 (*

Annotations:
D:7 3 runed translucent doors, izumii3's ghost, novice EnSk


Innate Abilities, Weirdness & Mutations

You have razor-sharp teeth.
You are slightly more attuned to the shadows.
Your natural rate of healing is unusually fast.
Potions cannot restore your health.
You are immune to rotting.
Your bite drains your enemy's life force.
Your bites deal extra damage.
Your stealth is less affected by armour.


Message History

Throwing (i - inventory. (/) - cycle)
H - 130 poisoned tomahawks (quivered)
Press: ? - help, Shift-Dir - straight line, f - deep elf knight
Aim: a deep elf knight, wielding a +0 short sword and wearing a +0 leather armour (resting)
You throw a poisoned tomahawk.
The poisoned tomahawk hits the deep elf knight!
The deep elf knight is poisoned.
The deep elf knight is lightly wounded.
The deep elf knight points at you and mumbles some strange words.
The shard of ice hits you!!!
Ouch! That really hurt!
* * * LOW HITPOINT WARNING * * *
No path to travel!
Throwing (i - inventory. (/) - cycle)
H - 129 poisoned tomahawks (quivered)
Press: ? - help, Shift-Dir - straight line, f/p - deep elf knight
Aim: a deep elf knight, wielding a +0 short sword and wearing a +0 leather armour (lightly wounded, poisoned)
You throw a poisoned tomahawk.
The poisoned tomahawk barely misses the deep elf knight.
The deep elf knight points at you and mumbles some strange words.
The shard of ice hits you!!
You die...

#.....#))...#
#....#....##
#####'##### #
##...)#....## .##
#.....#.....# ..#
#.....#.....#
.e.#
#.....#.....##..
###...###...##'#
##..###'#####.@##
#....##...##....#
#....#.....#....#
##..##..∩..##..##
######...######
#####


You could see a deep elf knight.

Vanquished Creatures
  Pikel (D:7)
  7 deep elf magi (Bailey)
  A hippogriff (D:6)
  Sigmund (D:2)
  Menkaure (D:4)
  A necrophage (D:6)
  2 ogres
  3 centaurs
  A bullfrog (D:6)
  A big kobold (D:6)
  4 scorpions
  4 crimson imps (D:4)
  A jelly (D:5)
  An orc priest (D:5)
  A centaur skeleton (D:4)
  4 hounds
  A bullfrog skeleton (D:4)
  2 iguanas
  5 worker ants
  A hound skeleton (D:5)
  A howler monkey zombie (D:5)
  Robin (D:2)
  6 adders
  A shadow imp (D:5)
  2 oozes
  An adder zombie (D:6)
  3 adder skeletons
  4 worms
  2 dart slugs (D:2)
  5 leopard geckos
  7 orcs
  A ball python (D:1)
  7 bats
  14 giant cockroaches
  15 goblins
  15 hobgoblins
  6 jackals
  4 quokkas
  2 frilled lizards (D:1)
  14 kobolds
  6 rats
160 creatures vanquished.

Notes
Turn   | Place    | Note
-------+----------+-------------------------------------------
     0 | D:1      | Morbidden the Vine Stalker Archaeologist began the quest
                  | for the Orb.
     0 | D:1      | Reached XP level 1. HP: 11/11 MP: 2/2
    96 | D:1      | Reached skill level 1 in Fighting
    96 | D:1      | Reached XP level 2. HP: 16/16 MP: 3/3
   537 | D:1      | Reached XP level 3. HP: 20/20 MP: 4/4
   748 | D:2      | Reached skill level 1 in Short Blades
   786 | D:2      | Reached skill level 5 in Stealth
   828 | D:2      | Reached XP level 4. HP: 24/25 MP: 5/5
   833 | D:2      | Got a scintillating granite ring
   834 | D:2      | Identified the ring of Hyavit {Fire rN+} (You found it on
                  | level 2 of the Dungeon)
   874 | D:2      | Noticed Robin
  1138 | D:2      | Killed Robin
  1415 | D:2      | Reached XP level 5. HP: 30/30 MP: 6/6
  1415 | D:2      | Identified a scroll of acquirement
  1415 | D:2      | Identified the +4 longbow of the Chickpea {seek, MR+} (You
                  | acquired it on level 2 of the Dungeon)
  1415 | D:2      | Identified the ring "Jumpigeh" {Fire MR- Slay+6} (You
                  | acquired it on level 2 of the Dungeon)
  1539 | D:2      | Noticed Sigmund
  1559 | D:2      | Killed Sigmund
  1560 | D:2      | Gained mutation: You have razor-sharp teeth. [Vine Stalker
                  | growth]
  1560 | D:2      | Reached XP level 6. HP: 20/35 MP: 7/7
  1697 | D:3      | Found a shadowy altar of Dithmenos.
  1705 | D:3      | Reached skill level 5 in Dodging
  1910 | D:3      | Found a faded altar of an unknown god.
  2561 | D:4      | Reached skill level 1 in Polearms
  2782 | D:4      | Reached XP level 7. HP: 40/40 MP: 7/9
  2912 | D:4      | Reached skill level 1 in Spellcasting
  2982 | D:4      | Noticed Menkaure
  2995 | D:4      | Killed Menkaure
  3164 | D:4      | Found Ypaly's Gadget Emporium.
  3255 | D:4      | Reached skill level 6 in Stealth
  3277 | D:4      | Gained mutation: Your bite drains your enemy's life force.
                  | [Twilight Stalker growth]
  3277 | D:4      | Gained mutation: Your stealth is less affected by armour.
                  | [Twilight Stalker growth]
  3277 | D:4      | Gained mutation: You are slightly more attuned to the
                  | shadows. [Twilight Stalker growth]
  3277 | D:4      | Reached XP level 8. HP: 40/46 MP: 11/12
  3840 | D:5      | Entered Level 5 of the Dungeon
  4036 | D:5      | Found Pewnet's Assorted Antiques.
  4045 | D:5      | Bought a glowing cloak for 150 gold pieces
  4095 | D:5      | Reached skill level 5 in Short Blades
  4095 | D:5      | Reached skill level 1 in Throwing
  4245 | D:5      | Reached skill level 1 in Bows
  4666 | D:6      | Found Dyliv's Antique Weapon Shop.
  4751 | D:6      | Found Utaipsoss's Assorted Antiques.
  4948 | D:6      | Noticed a hippogriff
  4957 | D:6      | Killed a hippogriff
  4958 | D:6      | Reached XP level 9. HP: 50/52 MP: 15/15
  5227 | D:6      | Got an ancient mace
  5230 | D:6      | Identified the +4 mace of Reapportionment {drain, rC+} (You
                  | found it on level 6 of the Dungeon)
  5437 | D:7      | Found a runed translucent gate.
  5437 | D:7      | Found a runed translucent gate.
  5442 | D:7      | Found a flagged portal.
  5459 | D:7      | Found a runed translucent gate.
  5461 | D:7      | Noticed Pikel
  5469 | D:7      | Killed Pikel
  5470 | D:7      | Reached skill level 5 in Fighting
  5470 | D:7      | Reached skill level 1 in Armour
  5473 | D:7      | Noticed izumii3's ghost (novice EnSk)
  5506 | D:7      | Found a staircase to the Ecumenical Temple.
  5512 | Temple   | Entered the Ecumenical Temple
  5527 | Temple   | Became a worshipper of Warmaster Okawaru
  5595 | Bailey   | Entered a bailey
  5602 | Bailey   | Noticed a deep elf mage
  5611 | Bailey   | Killed a deep elf mage
  5611 | Bailey   | Reached * piety under Okawaru
  5612 | Bailey   | Reached skill level 1 in Invocations
  5615 | Bailey   | Noticed a deep elf mage
  5616 | Bailey   | Noticed a deep elf mage
  5623 | Bailey   | Killed a deep elf mage
  5624 | Bailey   | Reached XP level 10. HP: 59/59 MP: 16/18
  5625 | Bailey   | Noticed a deep elf mage
  5626 | Bailey   | Noticed a deep elf mage
  5629 | Bailey   | Killed a deep elf mage
  5629 | Bailey   | Reached ** piety under Okawaru
  5630 | Bailey   | Reached skill level 7 in Stealth
  5630 | Bailey   | Noticed a deep elf mage
  5632 | Bailey   | Noticed a demonic crawler
  5635 | Bailey   | Killed a deep elf mage
  5636 | Bailey   | Reached skill level 5 in Spellcasting
  5636 | Bailey   | Noticed a deep elf mage
  5641 | Bailey   | Killed a deep elf mage
  5642 | Bailey   | Reached skill level 5 in Bows
  5642 | Bailey   | Killed a deep elf mage
  5649 | Bailey   | Killed a deep elf mage
  5649 | Bailey   | Reached *** piety under Okawaru
  5700 | Bailey   | Noticed a deep elf knight
  5702 | Bailey   | Killed from afar by a deep elf knight

Skill      XL: |  1  2  3  4  5  6  7  8  9 10 |
---------------+-------------------------------+-----
Fighting       | 1 2 3 4 5 |  5.7
Short Blades   | 1 2 3 4 5 6 |  6.3
Stealth        | 5 6 7 |  7.8
Dodging        | 4 5 |  5.6
Polearms       | 1 |  1.3
Spellcasting   | 2 3 4 5 |  5.4
Throwing       | 1 3 4 |  4.2
Bows           | 2 4 5 |  5.3
Armour         | 1 2 |  2.2
Invocations    | 1 2 |  2.8
Maces & Flails | |  0.8

Action                   |  1- 3 |  4- 6 |  7- 9 | 10-12 || total
-------------------------+-------+-------+-------+-------++-------
Melee: Dagger            |   164 |    40 |    36 |     1 ||   241
       Whip              |    14 |       |       |       ||    14
       Bite              |     9 |     7 |    20 |     1 ||    37
       Short sword       |       |    76 |    69 |       ||   145
       Scythe            |       |    55 |       |       ||    55
 Fire: Shortbow          |       |       |    71 |       ||    71
Throw: Stone             |       |     7 |    12 |       ||    19
       Tomahawk          |       |       |     7 |    20 ||    27
Invok: Heroism           |       |       |       |     1 ||     1
  Use: Scroll            |     1 |     1 |     4 |     1 ||     7
 Stab: Sleeping          |     2 |     4 |     3 |       ||     9
       Distracted        |       |     1 |       |       ||     1
  Eat: Chunk             |     4 |    11 |     9 |     2 ||    26
       Ration            |       |       |     1 |       ||     1
Armor: Robe              |    82 |    59 |     6 |       ||   147
       Chain mail        |       |       |    34 |     2 ||    36
Dodge: Dodged            |   173 |   146 |    49 |    12 ||   380
